 Dungeon Crawl Stone Soup version 0.22-a0-425-g89d60a1 (webtiles) character file.

6113 ketsa the Grappler (level 10, -2/81 HPs)
             Began as a Ghoul Monk on May 24, 2018.
             Was a Priest of Okawaru.
             Slain by a troll (5 damage)
             ... on level 8 of the Dungeon.
             The game lasted 00:49:37 (11349 turns).

ketsa the Grappler (Ghoul Monk)                    Turns: 11349, Time: 00:49:37

Health: -2/81      AC: 15    Str: 18    XL:     10   Next: 89%
Magic:  0/11       EV: 11    Int:  5    God:    Okawaru [***...]
Gold:   411        SH:  0    Dex: 12    Spells: 9/9 levels left

rFire    + . .     SeeInvis .     - Unarmed
rCold    + + .     Gourm    .   (no shield)
rNeg     + + +     Faith    .   y - +2 chain mail {rC+}
rPois    ∞         Spirit   +   I - +0 helmet
rElec    .         Reflect  .   e - scarf {repulsion}
rCorr    +         Harm     .   u - +0 pair of gloves
MR       .....                  (no boots)
Stlth    ..........             K - amulet of guardian spirit
HPRegen  0.00/turn              o - ring of protection from fire
MPRegen  0.12/turn              r - ring of resist corrosion

@: heroism, rotting, repel missiles
A: rotting body, claws 1, carnivore, cold resistance 1, negative energy
resistance 3, inhibited regeneration, torment resistance, unbreathing
a: Heroism, Renounce Religion


You were on level 8 of the Dungeon.
You worshipped Okawaru.
Okawaru was most pleased with you.
You were not hungry.

You visited 2 branches of the dungeon, and saw 10 of its levels.
You also visited: Sewer.

You collected 411 gold pieces.

Inventory:

Hand Weapons
 B - a +0 blowgun
Missiles
 i - 275 stones
 C - 21 poisoned needles
 H - 4 needles of sleeping
 M - 8 silver tomahawks (quivered)
Armour
 a - a +0 robe
 d - a +0 scale mail of magic resistance
 e - a scarf of repulsion (worn)
 f - a +0 leather armour
 u - a +0 pair of gloves (worn)
 y - a +2 chain mail of cold resistance (worn)
 G - a +1 chain mail of positive energy
 I - a +0 helmet (worn)
 L - a scarf of resistance
 N - a +0 plate armour
 R - the +5 shield of Valour {MP+9}
   (You took it off a gnoll on level 8 of the Dungeon)

   It affects your magic capacity (+9).
 S - a +0 buckler
 V - a +2 cloak
Jewellery
 o - a ring of protection from fire (left hand)
 q - an uncursed ring of wizardry
 r - a ring of resist corrosion (right hand)
 K - an amulet of guardian spirit (around neck)
 O - an uncursed amulet of harm
Wands
 E - a wand of flame (21)
 F - a wand of disintegration (19)
 U - a wand of iceblast (8)
Scrolls
 j - 2 scrolls of fog
 n - 2 scrolls of remove curse
 p - 3 scrolls of identify
 w - a scroll of blinking
 x - 2 scrolls of noise {unknown}
 z - a scroll of fear {unknown}
 A - 2 scrolls of teleportation {unknown}
 P - a scroll of random uselessness {unknown}
 Q - a scroll of vulnerability {unknown}
Potions
 g - 2 potions of agility
 h - 3 potions of flight
 k - 4 potions of curing
 l - a potion of heal wounds {unknown}
 m - a potion of degeneration {unknown}
 s - a potion of magic {unknown}
 v - 3 potions of haste
 D - a potion of berserk rage
 J - 2 potions of cancellation
Comestibles
 b - 13 rations


   Skills:
 - Level 5.0(10.0) Fighting
 - Level 0.2(5.2) Throwing
 - Level 2.9(7.9) Armour
 - Level 3.7(8.7) Dodging
 - Level 2.3(7.3) Stealth
 + Level 4.4(9.4) Shields
 + Level 14.4(19.4) Unarmed Combat
 - Level 3.9 Invocations


You had 9 spell levels left.
You didn't know any spells.
Your spell library was empty.

Dungeon Overview and Level Annotations

Branches:
Dungeon (9/15)             Temple (1/1) D:6
   Lair: D:8-11         Orc: D:9-12

Altars:
Ashenzari
Cheibriados
Dithmenos
Elyvilon
Fedhas
Gozag
Hepliaklqana
Kikubaaqudgha
Makhleb
Nemelex Xobeh
Okawaru
Qazlal
Ru
Sif Muna
Trog
Uskayaw
Vehumet
Wu Jian
Xom
Yredelemnul
Zin
The Shining One

Shops:
D:4 (

Annotations:
D:3 exclusion: downstairs
D:5 exclusion: downstairs


Innate Abilities, Weirdness & Mutations

Your body is rotting away.
You thrive on raw meat.
You are immune to poison.
You have sharp fingernails.
You are carnivorous and can eat meat at any time.
Your flesh is cold resistant. (rC+)
You are immune to negative energy. (rN+++)
You do not regenerate when monsters are visible.
You are immune to unholy pain and torment.
You can survive without breathing.


Message History

The troll is almost dead.
The troll bites you. The troll claws you! x2
* * * LOW HITPOINT WARNING * * *
You hit the troll but do no damage.
The troll is almost dead.
The troll bites you!
* * * LOW HITPOINT WARNING * * *
The troll barely misses you. The troll claws you.
* * * LOW HITPOINT WARNING * * *
Okay, then.
You gain the combat prowess of a mighty hero.
The troll bites you!
* * * LOW HITPOINT WARNING * * *
The troll claws you.
* * * LOW HITPOINT WARNING * * *
The troll barely misses you.
You feel better. The troll misses you. The troll claws you.
* * * LOW HITPOINT WARNING * * *
The troll claws you.
You die...

########
#......#############
#......#.........#..
#......#.........#..
#......#.........#..
#......###'####'##..
#####'#..........#..
#.T>..#..........#..
#..@).#......<...#..
#.....#..........#..
############..........###
#.............#'####.....
#.............#....#.....
#.............#....#.....
#.............#....#.....
#.............'....#.....
#.............#....#.....


You could see a troll.

Vanquished Creatures
  A two-headed ogre (D:8)
  Maurice (D:8)
  The ghost of KristoblXynda the Chopper, an amateur DDFi (D:4)
  2 hungry ghosts (D:7)
  Eustachio (D:4)
  Edmund (D:4)
  4 sky beasts
  2 orc warriors
  A phantom (D:8)
  4 ogres
  2 centaurs
  A crocodile (D:7)
  5 bullfrogs
  6 big kobolds
  4 scorpions
  11 killer bees
  5 howler monkeys
  3 crimson imps
  A centaur zombie (D:5)
  A quasit (D:6)
  6 jellies
  3 orc priests
  4 hounds
  17 orc wizards
  An iguana (D:7)
  4 worker ants
  11 gnolls
  A river rat (Sewer)
  15 adders
  2 shadow imps (D:8)
  8 oozes
  An adder skeleton (D:8)
  5 worms
  A dart slug (D:3)
  6 leopard geckos
  35 orcs
  12 giant cockroaches
  9 goblins
  11 hobgoblins
  13 jackals
  13 kobolds
  6 quokkas
  3 ball pythons
  7 bats
  5 frilled lizards
  A giant cockroach zombie (D:6)
  2 leopard gecko skeletons
  A quokka zombie (D:5)
  15 rats
275 creatures vanquished.

Notes
Turn   | Place    | Note
-------+----------+-------------------------------------------
     0 | D:1      | ketsa the Ghoul Monk began the quest for the Orb.
     0 | D:1      | Reached XP level 1. HP: 19/19 MP: 0/0
   293 | D:1      | Reached XP level 2. HP: 13/26 MP: 1/1
   515 | D:1      | You fall through a shaft!
   549 | D:2      | Reached XP level 3. HP: 19/31 MP: 2/2
   691 | D:2      | Reached skill level 4 in Unarmed Combat
  1051 | D:2      | Reached XP level 4. HP: 40/40 MP: 3/3
  1413 | D:2      | Found a faded altar of an unknown god.
  1761 | D:1      | Reached skill level 5 in Unarmed Combat
  2270 | D:1      | Reached XP level 5. HP: 45/45 MP: 4/4
  3486 | D:4      | Reached skill level 1 in Armour
  3504 | D:4      | Noticed Eustachio
  3520 | D:3      | Reached XP level 6. HP: 36/52 MP: 5/5
  3614 | D:4      | Noticed Edmund
  3760 | D:4      | Killed Eustachio
  3760 | D:4      | Reached skill level 6 in Unarmed Combat
  3825 | D:4      | Found a snail-covered altar of Cheibriados.
  3835 | D:4      | Found Tifupsoi's Antique Weapon Shoppe.
  3987 | D:4      | Got a pair of warped boots
  3993 | D:4      | Identified the +0 pair of boots of Sysest {Str-5 Dex+3 Stlth+} (You found it on level 4 of the Dungeon)
  4048 | D:4      | Noticed KristoblXynda's ghost (amateur DDFi)
  4497 | D:4      | Killed Edmund
  4497 | D:4      | Reached XP level 7. HP: 27/58 MP: 6/6
  4922 | D:4      | Reached skill level 5 in Fighting
  4986 | D:5      | Entered Level 5 of the Dungeon
  5015 | D:5      | Reached skill level 7 in Unarmed Combat
  5091 | D:5      | Found a glowing drain.
  5161 | Sewer    | Entered a sewer
  5376 | Sewer    | Reached skill level 8 in Unarmed Combat
  5571 | Sewer    | Reached XP level 8. HP: 67/68 MP: 7/7
  5699 | Sewer    | Reached skill level 9 in Unarmed Combat
  6073 | D:5      | Reached skill level 10 in Unarmed Combat
  6780 | D:5      | Reached skill level 11 in Unarmed Combat
  6780 | D:5      | Reached XP level 9. HP: 45/73 MP: 8/8
  7189 | D:6      | You fall through a shaft for 2 floors!
  7448 | D:7      | Reached skill level 12 in Unarmed Combat
  8046 | D:6      | Found a staircase to the Ecumenical Temple.
  8059 | Temple   | Entered the Ecumenical Temple
  8221 | Temple   | Became a worshipper of Warmaster Okawaru
  8221 | Temple   | Reached * piety under Okawaru
  8221 | Temple   | Reached ** piety under Okawaru
  8657 | D:6      | Reached skill level 1 in Invocations
  9027 | D:7      | Reached skill level 13 in Unarmed Combat
  9157 | D:7      | Reached XP level 10. HP: 81/81 MP: 11/11
  9468 | D:8      | Noticed a two-headed ogre
 10018 | D:8      | Got a brightly glowing shield
 10044 | D:8      | Identified the +5 shield of Valour {MP+9} (You took it off a gnoll on level 8 of the Dungeon)
 10110 | D:8      | Noticed Maurice
 10217 | D:8      | Found an iron altar of Okawaru.
 10271 | D:8      | Killed a two-headed ogre
 10485 | D:8      | Reached *** piety under Okawaru
 10594 | D:8      | Reached skill level 14 in Unarmed Combat
 10724 | D:8      | Killed Maurice
 10911 | D:4      | Killed KristoblXynda's ghost
 11348 | D:8      | HP: 3/81 [troll (10)]
 11348 | D:8      | HP: 1/81 [troll (2)]
 11349 | D:8      | Slain by a troll

Vault maps used:
D:1:      dpeg_arrival_prison, hangedman_decor_slide_cut, grunt_decor_clamped,
          minmay_pentomino_p2
D:2:      chequers_ecumenical_altar_island, kennysheep_generic_room_5
D:3:      first_ration
D:4:      nicolae_overflow_crystal_walls, serial_shops, nicolae_shop_crystal,
          uniq_eustachio, uniq_edmund
D:5:      portal_sewer_entry_f
D:6:      temple_green
D:8:      okawaru_trees_1, uniq_maurice
Temple:   kilobyte_greek_temple
Sewer:    sewer_co_tree

Skill      XL: |  1  2  3  4  5  6  7  8  9 10 |
---------------+-------------------------------+-----
Dodging        | 3 |  3.7
Unarmed Combat | 4 5 6 8 11 13 14 | 14.4
Fighting       | 4 5 |  5.0
Armour         | 1 2 |  2.9
Invocations    | 3 |  3.9
Shields        | 4 |  4.4
Throwing       | |  0.2
Stealth        | |  2.3

Action                   |  1- 3 |  4- 6 |  7- 9 | 10-12 || total
-------------------------+-------+-------+-------+-------++-------
Melee: Unarmed           |   112 |   257 |   518 |   214 ||  1101
       Punch             |       |     6 |    14 |     6 ||    26
Throw: Stone             |     3 |    26 |    20 |       ||    49
       Tomahawk          |       |       |       |     4 ||     4
Invok: Heroism           |       |       |     3 |     5 ||     8
  Use: Scroll            |     1 |     2 |     8 |     4 ||    15
       Potion            |     1 |       |     2 |     1 ||     4
 Stab: Sleeping          |     2 |     2 |       |       ||     4
  Eat: Chunk             |    13 |    33 |    42 |    14 ||   102
       Ration            |       |       |       |     1 ||     1
Armor: Robe              |    29 |    13 |       |       ||    42
       Scale mail        |       |    26 |       |       ||    26
       Chain mail        |       |    28 |   235 |   116 ||   379
Dodge: Dodged            |   102 |   121 |   170 |    82 ||   475
       Deflected         |     1 |     2 |    11 |     3 ||    17

Table legend:
 A = Spawn XP
 B = Non-spawn XP
 C = Spawn XP percentage of total XP
 D = Spawn monster count
 E = Non-spawn monster count
 F = Spawn count percentage of total count
 G = Total turns spent on level
                    A         B        C        D         E        F      G
               +---------+---------+-------+---------+---------+-------+---------
         Total |       0 |    8734 |   0.0 |       0 |     275 |   0.0 | 11349
               +---------+---------+-------+---------+---------+-------+---------
           D:1 |       0 |      32 |   0.0 |       0 |      19 |   0.0 |  1217
           D:2 |       0 |     133 |   0.0 |       0 |      36 |   0.0 |  1229
           D:3 |       0 |     147 |   0.0 |       0 |      33 |   0.0 |  1468
           D:4 |       0 |     814 |   0.0 |       0 |      19 |   0.0 |  1203
           D:5 |       0 |     958 |   0.0 |       0 |      30 |   0.0 |  1440
           D:6 |       0 |     913 |   0.0 |       0 |      32 |   0.0 |  1198
           D:7 |       0 |    1529 |   0.0 |       0 |      29 |   0.0 |  1252
           D:8 |       0 |    2939 |   0.0 |       0 |      37 |   0.0 |  1145
           D:9 |       0 |     668 |   0.0 |       0 |      12 |   0.0 |   268
         Sewer |       0 |     601 |   0.0 |       0 |      28 |   0.0 |   724
               +---------+---------+-------+---------+---------+-------+---------
